 Dungeon Crawl Stone Soup version 0.23-a0-49-gd9f7a49 (webtiles) character file.

11 username the Chopper (level 2, 25/27 HPs)
             Began as a Minotaur Berserker on Aug 6, 2018.
             Was a Follower of Trog.
             Got out of the dungeon alive.
             The game lasted 00:02:53 (334 turns).

username the Chopper (Minotaur Berserker)            Turns: 334, Time: 00:02:54

Health: 25/27      AC:  2    Str: 21    XL:     2   Next: 13%
Magic:  1/1        EV: 12    Int:  4    God:    Trog [*.....]
Gold:   56         SH:  0    Dex:  9    Spells: 1/1 levels left

rFire    . . .     SeeInvis .   a - +0 hand axe
rCold    . . .     Gourm    .   (no shield)
rNeg     . . .     Faith    .   b - +0 animal skin
rPois    .         Spirit   .   (helmet restricted)
rElec    .         Reflect  .   (no cloak)
rCorr    .         Harm     .   (no gloves)
MR       .....                  (no boots)
Stlth    +.........             (no amulet)
HPRegen  0.09/turn              (no ring)
MPRegen  0.07/turn              (no ring)

@: no status effects
A: retaliatory headbutt, horns 2
a: Berserk, Renounce Religion


You escaped.
You worshipped Trog.
Trog was aware of your devotion.
You were not hungry.

You visited 1 branch of the dungeon, and saw 1 of its levels.

You collected 56 gold pieces.

Inventory:

Hand Weapons
 a - a +0 hand axe (weapon)
Armour
 b - a +0 animal skin (worn)
Scrolls
 e - 2 scrolls of remove curse {unknown}
 f - a scroll of identify {unknown}
Potions
 g - a potion of heal wounds {unknown}
 h - a potion of mutation {unknown}
 i - a potion of haste {unknown}
Comestibles
 c - 2 rations
 d - 4 chunks of flesh


   Skills:
 + Level 3.9 Fighting
 + Level 4.0 Axes
 + Level 2.5 Armour
 + Level 2.2 Dodging
 + Level 0.3 Stealth


You had one spell level left.
You didn't know any spells.
Your spell library was empty.

Dungeon Overview and Level Annotations

Branches:
Dungeon (1/15)

Altars:


Innate Abilities, Weirdness & Mutations

You reflexively headbutt those who attack you in melee.
You have a pair of horns on your head.


Message History

You kill the hobgoblin!
Trog accepts your kill.
You see here a hobgoblin corpse.
Things that are here:
a dagger; a goblin corpse You see here a hobgoblin corpse.
You butcher the hobgoblin corpse.
d - 3 chunks of flesh
Things that are here:
a dagger; a goblin corpse You butcher the goblin corpse.
d - 4 chunks of flesh (gained 1)
You see here a dagger.
You see here 15 stones.
You see here a dagger.
The black bear growls angrily.
The wyvern hisses angrily.
There is a staircase leading out of the dungeon here.
Are you sure you want to leave the Dungeon?
This will make you lose the game!
You have escaped!

## .. # ####### #
#. #.....# #
#.###.8.8.##
#####.##.......#
......##8......###
.####.##..###..#@#
.# #.#...#h#..#.#
.####.#8..#h#..#.#
....#.....#S#..#.#
...>..#8).#s#..#.#
..#.#.#...#l#..#.#
..#...##..###..#.#
......##8........#
......##.........#


There were no monsters in sight!

Vanquished Creatures
  A dart slug (D:1)
  2 goblins (D:1)
  A hobgoblin (D:1)
  2 kobolds (D:1)
  4 rats (D:1)
10 creatures vanquished.

Notes
Turn   | Place    | Note
-------+----------+-------------------------------------------
     0 | D:1      | username the Minotaur Berserker began the quest for the Orb.
     0 | D:1      | Reached XP level 1. HP: 19/19 MP: 0/0
     6 | D:1      | Noticed a redback
     6 | D:1      | Noticed a wyvern
     7 | D:1      | Noticed a black bear
     7 | D:1      | Noticed an anaconda
   267 | D:1      | Reached XP level 2. HP: 27/27 MP: 1/1
   280 | D:1      | Reached skill level 4 in Axes
   334 | D:$      | Got out of the dungeon alive.

Vault maps used:
D:1:      onia_arrival_zoo_common, minivault_19, glass_columns_b,
          lemuel_another_geyser

Skill      XL: |  1  2 |
---------------+-------+-----
Axes           | 4 |  4.0
Fighting       | |  3.9
Armour         | |  2.5
Dodging        | |  2.2
Stealth        | |  0.3

Action                   || total
-------------------------++-------
Melee: Hand axe          ||    10
       Headbutt          ||     1
Armor: Animal skin       ||     2
Dodge: Dodged            ||     8

Table legend:
 A = Spawn XP
 B = Non-spawn XP
 C = Spawn XP percentage of total XP
 D = Spawn monster count
 E = Non-spawn monster count
 F = Spawn count percentage of total count
 G = Total turns spent on level
                    A         B        C        D         E        F      G
               +---------+---------+-------+---------+---------+-------+---------
         Total |       0 |      16 |   0.0 |       0 |      10 |   0.0 |   334
               +---------+---------+-------+---------+---------+-------+---------
           D:1 |       0 |      16 |   0.0 |       0 |      10 |   0.0 |   334
               +---------+---------+-------+---------+---------+-------+---------
